 Dungeon Crawl Stone Soup version 0.17-a0-1778-gd369669 (webtiles) character file.

41 ololoev the Cudgeler (level 3, 0/26 HPs)
             Began as a Draconian Skald on Sept 8, 2015.
             Succumbed to Crazy Yiuf's poison
             ... on level 2 of the Dungeon.
             The game lasted 00:02:59 (1937 turns).

ololoev the Cudgeler (Draconian Skald)              Turns: 1937, Time: 00:02:59

Health: 0/26       AC:  5    Str: 12 (14) XL:     3   Next: 32%
Magic:  6/6        EV: 11    Int: 12      God:
Gold:   71         SH:  0    Dex: 10 (11) Spells: 2 memorised, 3 levels left

rFire  x . .     SeeInvis .     a - +0 mace
rCold  + . .     Clarity  .     (armour unavailable)
rNeg   . . .     SustAt   .     (no shield)
rPois  .         Gourm    .     (helmet restricted)
rElec  .         Spirit   .     (no cloak)
rCorr  .         Warding  .     (no gloves)
rMut   .         Rnd*Tele +     (no boots)
MR     .....                    (no amulet)
Stlth  +.........               (no ring)
                                k - ring of ice

@: lethally poisoned (0 -> -7), flying, not resistant to hostile enchantments,
very unstealthy
A: unfitting armour, deterioration 1, frail 1, teleportitis 1, cold-blooded, AC
+5
a: no special abilities


Innate Abilities, Weirdness & Mutations

Your plain brown scales are hard (AC +5).
Your body does not fit into most forms of armour.
You are cold-blooded and may be slowed by cold attacks.
Your body sometimes deteriorates upon taking damage.
You are frail (-10% HP).
You are occasionally teleported to nearby monsters.

Inventory:

Hand weapons
 a - a +0 mace (weapon)
Jewellery
 k - a ring of ice (left hand)
Scrolls
 d - a scroll of enchant armour {unknown}
 e - a scroll of magic mapping {unknown}
 g - 3 scrolls of identify {unknown}
 i - 2 scrolls of remove curse {unknown}
 l - a scroll of fear {unknown}
 n - a scroll of enchant weapon {unknown}
Books
 b - a book of Battle

   Spells                             Type                      Level
   a - Infusion                       Charms                       1
   b - Shroud of Golubria             Charms/Translocation         2
   c - Song of Slaying                Charms                       2
   d - Spectral Weapon                Hexes/Charms                 3
   e - Regeneration                   Charms/Necromancy            3
Comestibles
 c - 3 bread rations


   Skills:
 - Level 2.1 Fighting
 + Level 3.8 Maces & Flails
 - Level 1.3 Dodging
 - Level 2.0 Spellcasting
 - Level 2.6 Charms


You had 3 spell levels left.
You knew the following spells:

 Your Spells              Type           Power        Failure   Level  Hunger
a - Infusion              Chrm           #.....       12%         1    ##.....
b - Song of Slaying       Chrm           #.......     14%         2    ###....


You were on level 2 of the Dungeon.
You were not hungry.

You visited 1 branch of the dungeon, and saw 2 of its levels.

You collected 71 gold pieces.

#.#####.># # #.#
#..## #.#####...#
#.#.....#.#
#.#.###...# #.#.#
#.###
######.#>###.#
#..........>.#
#@######.#########
#.# #.# #... #.#
### #### #g# #.#
#.##### ###
#.....## ###..)#
#......####.'...#
##......#..##...#

Notes
Turn   | Place    | Note
--------------------------------------------------------------
     0 | D:1      | ololoev the Draconian Skald began the quest for the Orb.
     0 | D:1      | Reached XP level 1. HP: 17/17 MP: 3/3
   629 | D:1      | Reached XP level 2. HP: 19/24 MP: 5/5
   633 | D:1      | Learned a level 2 spell: Song of Slaying
   867 | D:1      | Reached skill level 3 in Maces & Flails
  1370 | D:2      | Reached XP level 3. HP: 29/29 MP: 6/6
  1918 | D:2      | Noticed Crazy Yiuf
  1920 | D:2      | Gained mutation: You are frail (-10% HP). [potion of mutation]
  1920 | D:2      | Gained mutation: Your body sometimes deteriorates upon taking damage. [potion of mutation]
  1920 | D:2      | Gained mutation: You are occasionally teleported to nearby monsters. [potion of mutation]
  1935 | D:2      | HP: 1/26 [poisoned by Crazy Yiuf]
  1937 | D:2      | Succumbed to Crazy Yiuf's poison

Dungeon Overview and Level Annotations

Branches:
Dungeon (2/15)

Altars:

Annotations:
D:2 Crazy Yiuf


Message History

Crazy Yiuf is nearby!
Crazy Yiuf is nearby!
Crazy Yiuf is nearby!
Press: ? - help, v - describe, . - travel
Here: Crazy Yiuf, wielding a quarterstaff of chaos and wearing a cloak The floor.
Unknown command.
Drink which item? (? for menu, Esc to quit)
It was a potion of curing.
You feel better.
Crazy Yiuf yells, "Spliff!
Action tired wrapper."
Drink which item? (? for menu, Esc to quit)
It was a potion of mutation.
You feel extremely strange.
You feel frail.
You feel yourself wasting away.
You feel weirdly uncertain.
Drink which item? (? for menu, Esc to quit)
It was a potion of degeneration.
There was something very wrong with that liquid.
You feel weakened.
Crazy Yiuf hits you with a quarterstaff of chaos!
Your body deteriorates!
You feel clumsy.
You are lethally poisoned!
Drink which item? (? for menu, Esc to quit)
It was a potion of flight.
You feel very buoyant.
You fly up into the air.
You feel sick. Crazy Yiuf barely misses you.
You feel sick.
You feel sick.
Crazy Yiuf whimpers, "Announcement!"
You feel sick.
You feel sick.
You feel sick.
You feel sick.
Crazy Yiuf says, "Liver!"
You feel sick.
Crazy Yiuf flaps his cloak.
You feel sick.
You feel sick.
Crazy Yiuf says, "Scoff!
Ghoul King testudinal."
You feel sick.
You feel sick.
You die...

You could see Crazy Yiuf.

Vanquished Creatures
  2 adders (D:2)
  4 bats (D:1)
  3 giant cockroaches
  4 hobgoblins
  2 giant newts (D:1)
  3 goblins
  3 kobolds
  2 rats
23 creatures vanquished.

Action                   || total
-------------------------++-------
Melee: Mace              ||    80
 Cast: Infusion          ||     1
  Use: Potion            ||     4
 Stab: Sleeping          ||     1
  Eat: Chunk             ||     3

Vault maps used:
D:1:      nicolae_arrival_somewhat_less_tricky_arrival
D:2:      uniq_crazy_yiuf_cottage
